 Dungeon Crawl Stone Soup version 0.31.0-32-g396128a36d (webtiles) character file.

Game seed: 14716694647343485387

52 Peloso the Trooper (level 3, -10/34 HPs)
             Began as a Minotaur Fighter on Apr 23, 2024.
             Killed by divine providence
             ... invoked by an orc priest
              (16 damage)
             ... on level 3 of the Dungeon.
             The game lasted 00:02:23 (2137 turns).

Peloso the Trooper (Minotaur Fighter)               Turns: 2137, Time: 00:02:24

Health: -10/34     AC:  7    Str: 20    XL:     3   Next: 60%
Magic:  2/2        EV:  9    Int:  5    God:
Gold:   115        SH:  4    Dex: 11    Spells: 2/2 levels left

rFire   . . .        a - +1 long sword
rCold   . . .        c - +0 buckler
rNeg    . . .        b - +0 scale mail
rPois   .            (helmet restricted)
rElec   .            (no cloak)
rCorr   .            (no gloves)
SInv    .            (no boots)
Will    .....        (no amulet) Stlth
                     (no ring)
HPRegen 0.25/turn    (no ring)
MPRegen 0.08/turn

%: no passive effects
@: no status effects
A: horns 2, retaliatory headbutt
a: no special abilities


You were on level 3 of the Dungeon.
You visited 1 branch of the dungeon, and saw 3 of its levels.

You collected 115 gold pieces.

Inventory:

Hand Weapons
 a - a +1 long sword (weapon)
Armour
 b - a +0 scale mail (worn)
 c - a +0 buckler (worn)
Jewellery
 e - a +6 ring of strength
 f - a +6 ring of strength
Scrolls
 h - 2 scrolls of fog
Potions
 d - a potion of might


   Skills:
 + Level 4.5 Fighting
 + Level 3.0 Long Blades
 + Level 4.2 Armour
 + Level 0.5 Dodging
 + Level 3.9 Shields


You had 2 spell levels left.
You didn't know any spells.
Your spell library contained the following spells:

 Spells                   Type           Power      Damage    Failure   Level
 Freeze                   Ice            0%         1d3       88%         1
 Mercury Vapours          Alch/Air       0%         N/A       95%         2
 Static Discharge         Conj/Air       0%         3-3/arc   95%         2
 Frozen Ramparts          Ice            0%         1d1       99%         3
 Hailstorm                Conj/Ice       0%         3d5       99%         3
 Mephitic Cloud           Conj/Alch/Air  0%         N/A       99%         3
 Airstrike                Air            0%         2d(0-16)  100%        4
 Summon Lightning Spire   Summ/Air       0%         N/A       100%        4
 Freezing Cloud           Conj/Ice/Air   0%         6-21      100%        5


Dungeon Overview and Level Annotations

Branches:
Dungeon (3/15)

Altars:


Innate Abilities, Weirdness & Mutations

You have a pair of horns on your head.
You reflexively headbutt those who attack you in melee.


Message History

There is a stone staircase leading down here.
You completely miss the ribbon worm.
The ribbon worm expels a string of sticky webbing.
The stream of webbing hits you but does no damage.
You are caught in a web!
You completely miss the ribbon worm.
The ribbon worm bites you but does no damage.
You hit the ribbon worm.
The ribbon worm is moderately wounded.
The ribbon worm expels a string of sticky webbing.
The stream of webbing misses you.
You hit the ribbon worm. You headbutt the ribbon worm.
The ribbon worm is severely wounded.
You block the ribbon worm's attack.
The ribbon worm bites you but does no damage.
You hit the ribbon worm.
The ribbon worm is almost dead.
The ribbon worm bites you.
You hit the ribbon worm but do no damage.
You headbutt the ribbon worm.
You kill the ribbon worm!
Your Long Blades skill increases to level 3!
There is a stone staircase leading down here.
HP restored.
You climb downwards.
There is a stone staircase leading up here.
The orc priest invokes the aid of Beogh against you.
Beogh smites you!
The orc priest invokes the aid of Beogh against you.
Beogh smites you!
* * * LOW HITPOINT WARNING * * *
You block the orc priest's attack.
Things that are here:
a +0 dagger; an orc corpse You closely miss the orc priest.
The orc priest hits you with a +0 club.
* * * LOW HITPOINT WARNING * * *
You hit the orc priest but do no damage.
The orc priest invokes the aid of Beogh against you.
Beogh smites you!
You die...

........##
...........
##.........#
......)....
##........#
..........#########
#.................
##.............#
......o@....<.##
##........###.#
..?....#### ...
####... .#... ##..
....... #.. ). #..#
#.. ### #.# #.. .#


You could see an orc priest.

Vanquished Creatures
  An adder (D:2)
  2 dart slugs
  A ribbon worm (D:2)
  2 orcs
  6 bats
  3 endoplasms
  2 giant cockroaches
  A hobgoblin (D:2)
  3 kobolds
  2 quokkas
  5 ball pythons
  2 frilled lizards (D:1)
  3 goblins
  2 rats
35 creatures vanquished.

Notes
Turn   | Place    | Note
-------+----------+-------------------------------------------
     0 | D:1      | Peloso the Minotaur Fighter began the quest for the Orb.
     0 | D:1      | Reached XP level 1. HP: 19/19 MP: 0/0
   331 | D:1      | Reached XP level 2. HP: 27/27 MP: 1/1
  1413 | D:2      | Reached XP level 3. HP: 26/33 MP: 2/2
  2137 | D:3      | Killed from afar by an orc priest

Illustrated notes

Levels and vault maps discovered:
D:1:      zaba_arrival_water, layout_basic
D:2:      layout_loops_ring, minivault_23, chequers_serial_rivers_room_a,
          minmay_misc_feat_x, minmay_quantized
D:3:      layout_rooms, zin_scriptorium, nicolae_grassy_gnolls

Skill      XL: |  1  2  3 |
---------------+----------+-----
Fighting       | 4 |  4.5
Armour         | 4 |  4.2
Long Blades    | 3 |  3.0
Dodging        | |  0.5
Shields        | |  3.9

Action                     || total
---------------------------++-------
  Melee: Long sword        ||    89
         Headbutt          ||    12
    Use: Potion            ||     4
         Scroll            ||     2
 Armour: Scale mail        ||    80
  Dodge: Dodged            ||    57
  Block: Buckler           ||    26
